 Dungeon Crawl Stone Soup version 0.27-a0-223-ge082b6e869 (webtiles) character file.

Game seed: 18120775135565611303

17951 iamserjio the Grappler (level 12, -1/178 HPs)
             Began as a Troll Fighter on Feb 1, 2021.
             Was a High Priest of Cheibriados.
             Slain by a yaktaur (10 damage)
             ... on level 12 of the Dungeon.
             The game lasted 00:25:39 (3646 turns).

iamserjio the Grappler (Troll Fighter)              Turns: 3646, Time: 00:25:40

Health: -1/178     AC: 30    Str: 40    XL:     12   Next: 23%
Magic:  16/16      EV:  1    Int: 21    God:    Cheibriados [*****.]
Gold:   422        SH: 16    Dex: 22    Spells: 15/15 levels left

rFire    + . .     SeeInvis .     - Unarmed
rCold    + . .     Faith    .   b - +2 kite shield
rNeg     + + +     Spirit   .   (armour currently unavailable)
rPois    +         Reflect  .   (helmet currently unavailable)
rElec    +         Harm     .   (cloak currently unavailable)
rCorr    +         Rampage  .   (gloves unavailable)
Will     .....     NoTele   +   (boots unavailable)
Stlth    ++........             h - amulet of magic regeneration
HPRegen  0.79/turn              f - +4 ring of protection
MPRegen  0.40/turn              p - ring of positive energy

@: tree-form, resistant, slowed, very slow
A: large, unfitting armour, regeneration 1
a: Renounce Religion, Bend Time, Temporal Distortion, Slouch, Step From Time


You were on level 12 of the Dungeon.
You worshipped Cheibriados.
Cheibriados was extremely pleased with you.
You were a tree.
You visited 3 branches of the dungeon, and saw 17 of its levels.

You collected 653 gold pieces.
You spent 231 gold pieces at shops.

Inventory:

Hand Weapons
 F - a +2 scimitar of flaming
Missiles
 c - 12 boomerangs (quivered)
 i - 5 poisoned darts
 n - 3 javelins
Armour
 a - a +0 robe
 b - a +2 kite shield (worn)
 r - a +0 cloak (melded)
 x - a +0 robe
 A - a +1 hat (melded)
 I - a +0 troll leather armour (melded)
Jewellery
 f - a +4 ring of protection (left branch)
 h - an amulet of magic regeneration (around neck)
 p - a ring of positive energy (right branch)
Wands
 j - a wand of random effects (16)
 m - a wand of polymorph (11)
 q - a wand of mindburst (16)
Scrolls
 d - 4 scrolls of immolation
 e - a scroll of enchant weapon
 g - 3 scrolls of identify {@r1}
 o - a scroll of fog
 s - 7 scrolls of remove curse {@r2}
 C - a scroll of enchant armour
 G - a scroll of fear
 H - a scroll of amnesia
Potions
 k - 2 potions of lignification
 l - a potion of brilliance
 t - 3 potions of degeneration
 u - 2 potions of mutation
 w - 2 potions of berserk rage
 B - 2 potions of flight
 D - a potion of ambrosia
Miscellaneous
 z - a phial of floods (inert)


   Skills:
 - Level 8.0 Fighting
 + Level 3.9 Dodging
 - Level 9.0 Shields
 - Level 12.0 Unarmed Combat
 + Level 2.3 Spellcasting
 - Level 7.0 Invocations


You had 15 spell levels left.
You didn't know any spells.
Your spell library contained the following spells:

 Spells                   Type           Power        Failure   Level
 Sting                    Tmut/Pois      8%           14%         1
 Poisonous Vapours        Pois/Air       4%           22%         2
 Searing Ray              Conj           4%           22%         2
 Ignite Poison            Fire/Tmut/Pois 2%           38%         3
 Inner Flame              Hex/Fire       2%           38%         3
 Mephitic Cloud           Conj/Pois/Air  2%           38%         3
 Static Discharge         Conj/Air       2%           38%         3
 Olgreb's Toxic Radiance  Pois           2%           80%         4
 Freezing Cloud           Conj/Ice/Air   1%           100%        6


Dungeon Overview and Level Annotations

Branches:
Dungeon (15/15)            Temple (1/1) D:4            Lair (1/6) D:11
    Orc: D:9-12      Vaults: D:13-14     Depths: D:15

Altars:
Ashenzari
Cheibriados
Elyvilon
Fedhas
Gozag
Hepliaklqana
Kikubaaqudgha
Makhleb
Okawaru
Qazlal
Ru
Trog
Uskayaw
Wu Jian
Xom
Yredelemnul
Zin
The Shining One

Shops:
D:7 :   D:9 [   D:10 =

Annotations:
D:8 2 transporters, exclusion: oklob plant, skk's ghost, novice TeGl
D:13 1 exclusion


Innate Abilities, Weirdness & Mutations

You are too large for most types of armour.
((You have claws for hands.))
Your natural rate of healing is unusually fast.
((You are covered in fur. (AC +1)))
((You have extremely tough skin. (AC +3)))


Message History

The jumping spider pounces on you but does no damage.
The jumping spider bites you but does no damage.
You block the orc knight's attack.
The jumping spider leaps!
You block the orc knight's attack.
You hit the orc knight. You hit the orc knight.
The orc knight hits you with a +0 war axe.
* * * LOW HITPOINT WARNING * * *
The yaktaur unwields a +0 arbalest.
The yaktaur hits you.
* * * LOW HITPOINT WARNING * * *
The jumping spider leaps!
You hit the orc knight.
The orc knight hits you with a +0 war axe!
* * * LOW HITPOINT WARNING * * *
You block the yaktaur's attack. x2
You pummel the orc knight!! You block the orc knight's attack.
The yaktaur hits you but does no damage.
You hit the orc knight but do no damage.
You block the orc knight's attack. The yaktaur hits you!
You die...

#... ##.# ...............
#$8###)c##
..........#.##. #.#.#s.##
.........####.. ##Je.#..#
......... ##.
$###.H#.##...............
#..##..#.#s.........####.
#...###..#.^.(......# #.
. #.....###c#.........##
## #.
#......♣##..........
#..#.......o.#.......#
.....................#
...........(.##.#....#
...)......##.##..#
...............<##
....##.#..#.#..## ...
####.####.# .... ...


You could see an orc knight, a yaktaur and a jumping spider shaped shifter.

Vanquished Creatures
  Rupert (D:13)
  A sphinx (D:12)
  A tengu reaver (D:12)
  A crystal guardian (D:12)
  A centaur warrior (D:11)
  The ghost of iamserjio the Fighter, a novice GnAK of Lugonu (D:10)
  A deep troll (shapeshifter) (D:12)
  5 ugly things
  An orb spider (D:14)
  Maurice (D:9)
  A cyclops (D:12)
  An efreet (D:13)
  3 trolls (D:13)
  A meliai zombie (D:13)
  6 yaks (D:8)
  3 wyverns
  A vampire (D:13)
  An acid dragon (D:13)
  A sky beast (D:5)
  2 orc warriors (D:9)
  An eye of draining (D:14)
  2 black bears (D:7)
  6 ogres
  2 phantoms
  8 centaurs
  4 big kobolds
  8 bullfrogs
  A wyvern zombie (D:9)
  2 wyvern skeletons (D:14)
  4 scorpions
  8 killer bees
  A howler monkey (D:8)
  A centaur zombie (D:3)
  5 jellies
  5 orc priests
  A bullfrog skeleton (D:10)
  5 hounds
  3 iguanas
  12 orc wizards
  5 worker ants
  A hound zombie (D:9)
  A hound skeleton (D:7)
  A gnoll (D:7)
  2 adders
  A howler monkey skeleton (D:6)
  A white imp (D:8)
  An ooze (D:1)
  2 worms (D:3)
  37 orcs
  A giant cockroach (D:1)
  7 hobgoblins
  6 jackals
  4 quokkas
  2 bats
  3 frilled lizards
  4 goblins
  17 kobolds
  A quokka skeleton (D:9)
  8 rats
218 creatures vanquished.

Vanquished Creatures (others)
  An orc (D:13)
1 creature vanquished.

Grand Total: 219 creatures vanquished

Notes
Turn   | Place    | Note
-------+----------+-------------------------------------------
     0 | D:1      | iamserjio the Troll Fighter began the quest for the Orb.
     0 | D:1      | Reached XP level 1. HP: 22/22 MP: 0/0
   145 | D:1      | Reached XP level 2. HP: 27/29 MP: 1/1
   310 | D:2      | Reached skill level 3 in Unarmed Combat
   313 | D:2      | Reached XP level 3. HP: 11/36 MP: 2/2
   324 | D:2      | Reached XP level 4. HP: 18/45 MP: 3/3
   349 | D:3      | Reached skill level 4 in Unarmed Combat
   376 | D:4      | Found a staircase to the Ecumenical Temple.
   388 | D:4      | Reached XP level 5. HP: 52/53 MP: 4/4
   393 | Temple   | Entered the Ecumenical Temple
   480 | Temple   | Became a worshipper of Cheibriados the Contemplative
   680 | D:3      | Found a broken altar of Ashenzari.
   774 | D:5      | Entered Level 5 of the Dungeon
   792 | D:5      | Reached skill level 5 in Unarmed Combat
   805 | D:5      | Reached XP level 6. HP: 34/62 MP: 5/5
   873 | D:5      | Noticed a sky beast
   888 | D:5      | Killed a sky beast
   911 | D:5      | Reached * piety under Cheibriados
   930 | D:5      | Reached skill level 6 in Unarmed Combat
  1035 | D:7      | Reached XP level 7. HP: 64/70 MP: 6/6
  1143 | D:7      | Reached ** piety under Cheibriados
  1145 | D:7      | Reached skill level 7 in Unarmed Combat
  1167 | D:7      | Reached skill level 5 in Fighting
  1172 | D:7      | HP: 3/72 [gnoll/+0 spear (8)]
  1230 | D:8      | Noticed a wraith
  1243 | D:8      | Found a transporter.
  1244 | D:8      | Noticed skk's ghost (novice TeGl)
  1257 | D:8      | Found a transporter.
  1270 | D:8      | Reached XP level 8. HP: 80/80 MP: 7/7
  1283 | D:8      | Reached skill level 8 in Unarmed Combat
  1299 | D:8      | Reached skill level 9 in Unarmed Combat
  1337 | D:8      | Reached XP level 9. HP: 34/89 MP: 8/8
  1541 | D:7      | Reached skill level 10 in Unarmed Combat
  1598 | D:7      | Reached *** piety under Cheibriados
  1613 | D:7      | Found Soyschemn's Book Shop.
  1695 | D:8      | Noticed an oklob plant
  1696 | D:8      | Found a hide-covered altar of Uskayaw.
  1720 | D:8      | Identified the Incunabulum of the Lethal Arsonist
  1782 | D:9      | Noticed Maurice
  1791 | D:9      | Killed Maurice
  1809 | D:9      | Reached skill level 11 in Unarmed Combat
  1906 | D:10     | Entered Level 10 of the Dungeon
  1914 | D:11     | Found a staircase to the Lair.
  1928 | D:12     | Noticed a cyclops
  1930 | D:12     | Noticed a centaur warrior
  1946 | D:11     | Killed a centaur warrior
  1982 | D:10     | Found a runed translucent door.
  1987 | D:10     | Noticed iamserjio's ghost (novice GnAK)
  2002 | D:10     | Killed iamserjio's ghost
  2003 | D:10     | Reached skill level 1 in Invocations
  2003 | D:10     | Reached XP level 10. HP: 93/102 MP: 8/10
  2070 | D:9      | Found Sarch's Antique Armour Shoppe.
  2082 | D:9      | Bought an embroidered hat for 231 gold pieces
  2103 | D:9      | Reached **** piety under Cheibriados
  2152 | D:9      | Reached skill level 12 in Unarmed Combat
  2426 | D:10     | Found Agorhitu's Jewellery Shoppe.
  2552 | D:10     | Reached skill level 5 in Shields
  2586 | Lair:1   | Entered Level 1 of the Lair of Beasts
  2638 | D:11     | Reached ***** piety under Cheibriados
  2886 | D:14     | Found a broken altar of Ashenzari.
  2888 | D:15     | Entered Level 15 of the Dungeon
  2990 | D:14     | Noticed an orb spider
  3002 | D:14     | Killed an orb spider
  3086 | D:14     | Noticed a purple ugly thing
  3086 | D:14     | Noticed a purple ugly thing
  3087 | D:14     | Noticed a purple ugly thing
  3092 | D:14     | Noticed a purple ugly thing
  3099 | D:14     | Killed a purple ugly thing
  3100 | D:14     | Reached XP level 11. HP: 109/109 MP: 13/13
  3102 | D:14     | Killed a purple ugly thing
  3106 | D:14     | Killed a brown ugly thing
  3113 | D:14     | Killed a brown ugly thing
  3315 | D:13     | Noticed a brown ugly thing
  3325 | D:13     | Killed a brown ugly thing
  3326 | D:13     | Reached skill level 5 in Invocations
  3404 | D:13     | Noticed Rupert
  3426 | D:13     | Killed Rupert
  3528 | D:13     | Noticed a wizard
  3536 | D:13     | You fall into a shaft and drop 1 floor!
  3593 | D:12     | Noticed a crystal guardian
  3595 | D:12     | Noticed a glowing orange brain
  3595 | D:12     | a cyclops changed into a glowing orange brain
  3603 | D:12     | Killed a crystal guardian
  3605 | D:12     | Noticed a deep troll
  3607 | D:12     | Killed a deep troll
  3608 | D:12     | Noticed a tengu reaver
  3617 | D:12     | Noticed a satyr
  3617 | D:12     | a tyrant leech changed into a satyr
  3618 | D:12     | Noticed a sphinx
  3621 | D:12     | Killed a tengu reaver
  3621 | D:12     | Paralysed by a sphinx for 5 turns
  3622 | D:12     | Reached skill level 1 in Spellcasting
  3622 | D:12     | Reached XP level 12. HP: 67/119 MP: 16/16
  3627 | D:12     | a satyr changed into a slime creature
  3634 | D:12     | Reached ****** piety under Cheibriados
  3635 | D:12     | Paralysed by a sphinx for 4 turns
  3639 | D:12     | Killed a sphinx
  3644 | D:12     | HP: 7/178 [orc knight/+0 war axe (7)]
  3646 | D:12     | Slain by a yaktaur

Illustrated notes

Levels and vault maps discovered:
D:1:      dpeg_arrival_tiny_h, layout_loops_ring
D:2:      layout_basic
D:3:      layout_basic, cheibrodos_ashenzari_chains
D:4:      layout_basic, minmay_temple_entry_stoned_glass, serial_rivers,
          chequers_serial_rivers_micro_c, chequers_serial_rivers_micro_a,
          chequers_serial_rivers_small_3, chequers_serial_rivers_small_3,
          kennysheep_cross_bottleneck, minmay_misc_feat_iff,
          nemelex_xobeh_ov_fountains_minmay, uniq_duvessa, uniq_sigmund,
          uniq_eustachio
D:5:      layout_basic
D:6:      layout_basic, serial_shops, kennysheep_little_box
D:7:      layout_loops_ring, serial_shops,
          nicolae_shop_temple_entry_statues_fountains
D:8:      layout_loops_corners, gammafunk_ghost_mausoleum, lemuel_oklob_altar
D:9:      layout_roguey, serial_shops, shop, minmay_chambers_of_fives,
          uniq_maurice
D:10:     layout_small_grid, serial_shops, nicolae_shop_window_shopping,
          ebering_ghost_reflecting_pool
D:11:     layout_irregular_city, lair_entry_dummy,
          minmay_orc_entry_temple_small, serial_shops, nicolae_shop_trees,
          minmay_stone_trees_medium, uniq_psyche
D:12:     minmay_bad_star, layout_cave_pools
D:13:     kennysheep_snake, layout_irregular_city, david_vaults_1, uniq_rupert,
          uniq_kirke
D:14:     layout_stronghold, gauntlet_entry_generic, basic_altar,
          chequers_serial_rivers_large_b, lemuel_flamethrower_hall
D:15:     grunt_enter_depths_hoard, layout_irregular_city, uniq_jorgrun
Temple:   roderic_octagonal_lattice_temple
Lair:1:   layout_cave_pods, basic_altar, uniq_gastronok

Skill      XL: |  1  2  3  4  5  6  7  8  9 10 11 12 |
---------------+-------------------------------------+-----
Unarmed Combat | 3 4 5 6 7 9 11 12 | 12.0
Fighting       | 3 4 5 6 7 8 |  8.0
Shields        | 3 6 9 |  9.0
Invocations    | 1 4 7 |  7.0
Dodging        | 3 |  3.9
Spellcasting   | 1 2 |  2.3

Action                   |  1- 3 |  4- 6 |  7- 9 | 10-12 || total
-------------------------+-------+-------+-------+-------++-------
Melee: Unarmed           |    71 |   133 |   192 |   281 ||   677
Throw: Dart              |       |     2 |       |       ||     2
       Javelin           |       |       |     5 |     2 ||     7
       Throwing net      |       |       |       |     1 ||     1
Invok: Slouch            |       |       |       |     1 ||     1
Evoke: Wand              |       |       |     1 |    14 ||    15
       Phial of floods   |       |       |       |     1 ||     1
  Use: Potion            |     2 |     1 |     3 |     7 ||    13
       Scroll            |     2 |       |     4 |    14 ||    20
 Stab: Invisible         |       |     1 |     1 |     3 ||     5
       Sleeping          |       |       |     2 |     2 ||     4
       Held in net/web   |       |       |       |     1 ||     1
Armor: Robe              |    17 |    62 |    62 |    53 ||   194
       Skin              |       |       |       |    34 ||    34
       Troll leather arm |       |       |       |    12 ||    12
Dodge: Dodged            |    15 |    37 |    48 |    72 ||   172
Block: Kite shield       |    29 |    62 |   113 |   206 ||   410

Table legend: (Time is in decaauts)
 A = Elapsed time spent in this place.
 B = Non-inter-level travel time spent in this place.
 C = Inter-level travel time spent in this place.
 D = Time resting spent in this place.
 E = Time spent auto-exploring this place.
 F = Levels seen in this place.
 G = Mean time per level.
                   A        B        C        D        E       F      G
               +--------+--------+--------+--------+--------+-----+--------+
         Total |   5152 |   4738 |    414 |      0 |      0 |  17 |  303.1 |
       Dungeon |   5033 |   4648 |    385 |      0 |      0 |  15 |  335.5 |
        Temple |    117 |     88 |     29 |      0 |      0 |   1 |  117.0 |
          Lair |      1 |      1 |      0 |      0 |      0 |   1 |    1.0 |
               +--------+--------+--------+--------+--------+-----+--------+

Top non-repeatable levels by time:
    D:14: 1008 daAuts
     D:9: 677 daAuts
     D:8: 522 daAuts
     D:7: 472 daAuts
    D:13: 451 daAuts
    D:10: 421 daAuts
     D:1: 252 daAuts
    D:11: 239 daAuts
     D:5: 232 daAuts
     D:3: 209 daAuts
     D:4: 179 daAuts
     D:6: 135 daAuts
    D:12: 123 daAuts
  Temple: 117 daAuts
     D:2: 105 daAuts
